 Dungeon Crawl Stone Soup version 0.24.1-1-gd1d2a07e1b (webtiles) character file.

Game seed: 14097017437024761258, levelgen mode: deterministic

2188 Descartes the Skirmisher (level 9, -4/72 HPs)
             Began as a Formicid Abyssal Knight on Apr 11, 2020.
             Was a Priest of Lugonu.
             Killed by divine providence
             ... invoked by an orc priest
              (16 damage)
             ... on level 8 of the Dungeon.
             The game lasted 00:16:26 (5677 turns).

Descartes the Skirmisher (Formicid Abyssal Knight)  Turns: 5677, Time: 00:16:27

Health: -4/72      AC: 19    Str: 20    XL:     9   Next: 59%
Magic:  14/14      EV:  8    Int: 12    God:    Lugonu [***...]
Gold:   460        SH:  4    Dex: 10    Spells: 8/8 levels left

rFire    . . .     SeeInvis +   G - +2 quarterstaff (chaos)
rCold    . . .     Gourm    .   K - +0 buckler
rNeg     . . .     Faith    .   z - +0 chain mail
rPois    .         Spirit   .   (helmet unavailable)
rElec    .         Reflect  .   H - +0 cloak
rCorr    .         Harm     .   s - +2 pair of gloves
MR       .....                  (no boots)
Stlth    ..........             (no amulet)
HPRegen  0.22/turn              M - ring of wizardry
MPRegen  0.14/turn              C - +5 ring of protection

@: lightly drained
A: permanent stasis, dig shafts and tunnels, four strong arms, antennae 3
a: Dig, Shaft Self, Depart the Abyss, Bend Space, Banish, Renounce Religion


You were on level 8 of the Dungeon.
You worshipped Lugonu.
Lugonu was most pleased with you.
You were not hungry.

You visited 1 branch of the dungeon, and saw 8 of its levels.
You visited the Abyss 1 time.

You collected 460 gold pieces.

Inventory:

Hand Weapons
 a - a +1 hand axe
 G - a +2 quarterstaff of chaos (weapon)
 Q - a +1 rapier of draining
Missiles
 m - 2 throwing nets
 n - 6 curare-tipped darts (quivered)
 p - 223 stones
 A - 4 boomerangs of dispersal
 B - 197 arrows
 F - 29 poisoned darts
Armour
 s - a +2 pair of gloves (worn)
 z - a +0 chain mail (worn)
 H - a +0 cloak (worn)
 K - a +0 buckler (worn)
 R - a +2 leather armour of poison resistance
Jewellery
 C - a +5 ring of protection (right hand)
 D - an uncursed ring of positive energy
 M - a ring of wizardry (left hand)
 N - an uncursed ring of resist corrosion
Wands
 f - a wand of random effects (15)
 i - a wand of clouds (6)
 k - a wand of flame (31)
 J - a wand of enslavement (10)
Scrolls
 d - 2 scrolls of immolation {unknown}
 e - a scroll of enchant armour {unknown}
 h - a scroll of enchant weapon {unknown}
 j - a scroll of remove curse
 q - a scroll of noise {unknown}
 t - a scroll of fog
 y - a scroll of magic mapping {unknown}
 S - a scroll of acquirement {unknown}
Potions
 g - 2 potions of heal wounds {unknown}
 r - 5 potions of curing
 u - 2 potions of flight {unknown}
 v - a potion of cancellation {unknown}
 w - 4 potions of might
 E - a potion of resistance {unknown}
 L - 2 potions of haste
 O - 2 potions of lignification {unknown}
 P - a potion of berserk rage {unknown}
Comestibles
 c - 14 rations


   Skills:
 + Level 7.3(7.1) Fighting
 - Level 2.6(2.4) Axes
 + Level 6.6(6.4) Armour
 - Level 0.8(0.6) Dodging
 - Level 0.6(0.5) Stealth
 - Level 2.4(2.2) Shields
 + Level 7.2(7.0) Invocations
 + Level 6.1(5.9) Evocations


You had 8 spell levels left.
You didn't know any spells.
Your spell library contained the following spells:

 Spells                   Type           Power        Failure   Level  Hunger
 Magic Dart               Conj           #...         71%         1    ##.....
 Call Imp                 Summ           #.......     85%         2    ###....
 Slow                     Hex            #.......     85%         2    ###....
 Conjure Flame            Conj/Fire      #.......     96%         3    ####...
 Mephitic Cloud           Conj/Pois/Air  #.......     96%         3    ####...
 Blink                    Tloc           Unusable     N/A         2    N/A

Dungeon Overview and Level Annotations

Branches:
Dungeon (8/15)             Temple (0/1) D:5
   Lair: D:8-11

Altars:
Cheibriados
Kikubaaqudgha
Yredelemnul

Annotations:
D:3 2 runed translucent doors, Curus's ghost, amateur TrMo


Innate Abilities, Weirdness & Mutations

You cannot be hasted, slowed, berserked, paralysed or teleported.
You can dig through walls and to a lower floor.
Your four strong arms can wield two-handed weapons with a shield.
You have a pair of large antennae on your head. (SInv)


Message History

* * * LOW HITPOINT WARNING * * *
Found a stone staircase leading up.
You thump the orc!
You kill the orc!
Lugonu accepts your kill. The orc wizard barely misses you.
The orc wizard hits you but does no damage.
You closely miss the orc wizard.
The orc wizard is lightly wounded.
You feel sick.
You are no longer poisoned.
The orc wizard hits you but does no damage.
Your chain mail prevents you from hitting the orc wizard.
The orc wizard is lightly wounded.
The orc wizard casts a spell at you.
The magic dart hits you but does no damage.
The orc wizard hits you but does no damage.
The orc priest calls down the wrath of Beogh upon you.
Beogh smites you!
You die...

##.. ##... ....
### ... ..# ..
#.# . #< #.# #.#
#.##.####....
#.@oZ........
####o...[....
#.....).......=
.....###########
.###


You could see an orc priest, an orc wizard and a worker ant zombie.

Vanquished Creatures
  A wyvern (D:7)
  Eustachio (D:6)
  Menkaure (D:4)
  A water moccasin (D:5)
  A phantom (D:5)
  3 sky beasts
  4 centaurs
  An ogre (D:5)
  A bullfrog (D:4)
  A wyvern skeleton (D:7)
  2 scorpions
  A centaur zombie (D:7)
  A howler monkey (D:7)
  Crazy Yiuf (D:2)
  A crimson imp (D:6)
  A hound (D:6)
  2 orc priests
  A bullfrog skeleton (D:7)
  3 orc wizards
  Jessica (D:3)
  An iguana (D:5)
  Ijyb (D:4)
  3 worker ants
  A hound skeleton (D:5)
  11 adders
  2 shadow imps (D:5)
  An adder skeleton (D:6)
  5 worms
  2 dart slugs
  3 leopard geckos
  9 orcs
  3 ball pythons
  5 giant cockroaches
  4 goblins
  5 hobgoblins
  6 jackals (D:3)
  A kobold (D:1)
  2 quokkas
  13 bats
  8 frilled lizards
  5 rats
120 creatures vanquished.

Vanquished Creatures (others)
  An orc (D:3)
1 creature vanquished.

Grand Total: 121 creatures vanquished

Notes
Turn   | Place    | Note
-------+----------+-------------------------------------------
     0 | Abyss:1  | Descartes the Formicid Abyssal Knight began the quest for
                  | the Orb.
     0 | Abyss:1  | Reached XP level 1. HP: 18/18 MP: 2/2
   106 | Abyss:2  | Noticed an ice devil
   151 | Abyss:2  | Noticed a large abomination
   154 | D:1      | Escaped the Abyss
   394 | D:1      | Reached XP level 2. HP: 16/25 MP: 3/3
   534 | D:1      | Reached * piety under Lugonu
   616 | D:1      | Reached XP level 3. HP: 16/30 MP: 4/4
  1171 | D:2      | Reached skill level 1 in Evocations
  1240 | D:2      | Found an ancient bone altar of Kikubaaqudgha.
  1362 | D:2      | Reached XP level 4. HP: 34/37 MP: 4/6
  1462 | D:2      | Found a runed translucent door.
  1463 | D:2      | Noticed Crazy Yiuf
  1471 | D:2      | Killed Crazy Yiuf
  1471 | D:2      | Reached XP level 5. HP: 33/42 MP: 7/7
  1584 | D:3      | Noticed Jessica
  1593 | D:3      | Killed Jessica
  1636 | D:3      | Reached XP level 6. HP: 24/49 MP: 8/8
  1943 | D:3      | Reached ** piety under Lugonu
  2046 | D:3      | Found a large runed translucent door.
  2046 | D:3      | Found a large runed translucent door.
  2048 | D:3      | Noticed Curus's ghost (amateur TrMo)
  2394 | D:4      | Found a snail-covered altar of Cheibriados.
  2438 | D:4      | Noticed Ijyb
  2451 | D:4      | Killed Ijyb
  2478 | D:4      | Noticed Menkaure
  2486 | D:4      | Killed Menkaure
  2486 | D:4      | Reached skill level 5 in Fighting
  2486 | D:4      | Reached skill level 1 in Shields
  2486 | D:4      | Reached XP level 7. HP: 51/56 MP: 10/10
  2871 | D:5      | Entered Level 5 of the Dungeon
  3230 | D:5      | Reached XP level 8. HP: 27/63 MP: 11/11
  3238 | D:5      | Reached skill level 5 in Invocations
  3647 | D:5      | Reached skill level 5 in Armour
  3727 | D:5      | Found a staircase to the Ecumenical Temple.
  4248 | D:6      | Reached skill level 5 in Evocations
  4248 | D:6      | Reached XP level 9. HP: 71/71 MP: 13/13
  4254 | D:6      | Reached *** piety under Lugonu
  4292 | D:6      | Found a basalt altar of Yredelemnul.
  4380 | D:6      | Noticed Eustachio
  4407 | D:6      | Killed Eustachio
  5677 | D:8      | Killed from afar by an orc priest

Levels and vault maps discovered:
D:1:      minmay_arrival_four_houses, layout_basic
D:2:      layout_rooms, old_standard_altar, minivault_23,
          minmay_misc_feat_plants, uniq_crazy_yiuf_cottage
D:3:      layout_loops_ring, ebering_ghost_disaster_area, first_ration,
          supply_closet_lemuel, hangedman_glass_teeth, uniq_jessica
D:4:      layout_cave_pools, kennysheep_slug_shrine, uniq_ijyb, uniq_menkaure
D:5:      layout_rooms, minmay_temple_entry_butterflies
D:6:      layout_basic, kennysheep_mini_moat, minivault_14,
          kennysheep_minor_cross, roderic_batcave, uniq_eustachio
D:7:      layout_rooms
D:8:      layout_loops_ring, serial_glass, glass_columns_b, glass_columns_c,
          uniq_grum, uniq_prince_ribbit1

Skill      XL: |  1  2  3  4  5  6  7  8  9 |
---------------+----------------------------+-----
Evocations     | 1 2 3 5 6 |  6.1
Fighting       | 4 5 6 7 |  7.3
Invocations    | 3 4 6 7 |  7.2
Armour         | 3 4 5 6 |  6.6
Shields        | 1 2 |  2.4
Axes           | |  2.6
Dodging        | |  0.8
Stealth        | |  0.6

Action                   |  1- 3 |  4- 6 |  7- 9 || total
-------------------------+-------+-------+-------++-------
Melee: War axe           |   131 |    22 |       ||   153
       Quarterstaff      |       |    90 |   255 ||   345
Invok: Depart the Abyss  |     1 |       |       ||     1
 Abil: Dig               |     4 |       |       ||     4
  Use: Scroll            |       |       |     7 ||     7
 Stab: Paralysed         |       |       |     2 ||     2
  Eat: Chunk             |     2 |     4 |    10 ||    16
Armor: Scale mail        |    30 |       |       ||    30
       Chain mail        |    84 |    89 |   222 ||   395
Dodge: Dodged            |    84 |    59 |   124 ||   267
Block: Buckler           |       |     1 |    51 ||    52
